[Event "Faroese Team Championship 2022"]
[Site "Torshavn"]
[Date "2022.03.26"]
[Round "10.2"]
[White "Nielsen, Hogni Egilstoft"]
[Black "Berg, Olaf"]
[Result "1-0"]
[ECO "B20"]
[WhiteElo "2405"]
[BlackElo "2204"]
[Annotator "ChessBase"]
[PlyCount "115"]
[EventDate "2022.03.23"]
[EventType "team-tourn"]
[EventCountry "FAI"]
[SourceTitle "playchess.com"]
[Source "ChessBase"]
[SourceQuality "1"]
[TimeControl "40/5400+30:900+30"]

1. e4 c5 2. a3 g6 3. Nc3 Bg7 4. Bc4 b6 5. h4 h5 6. d3 a6 7. Bg5 Nc6 8. Nge2 Nf6 9. Ba2 Bb7 10. Qd2 b5 11. O-O Qc7 12. Rab1 e6 13. b4 cxb4 14. axb4 Ng4 15. Bf4 Qd8 16. g3 Qe7 17. Nd1 Nge5 18. f3 f6 19. Be3 Rc8 20. Kg2 O-O 21. Nf4 Kh7 22. Bc5 d6 23. Bb6 Nd7 24. Be3 Nd8 25. Nf2 Re8 26. N2h3 d5 27. Rbe1 d4 28. Bxd4 e5 29. Nd5 Bxd5 30. exd5 Qd6 31. Be3 Bf8 32. Rb1 Nb6 33. Bc5 Qb8 34. Bxf8 Rxf8 35. Rfc1 Nf7 36. c4 Rfd8 37. Nf2 Kg7 38. Ne4 Qa8 39. Qe3 Qa7 40. Nc5 Kh7 41. Qf2 Ra8 42. Bb3 Rg8 43. Ne4 Nd7 44. Qxa7 Rxa7 45. c5 f5 46. Ng5+ Nxg5 47. hxg5 Rc8 48. Ra1 Nb8 49. Re1 a5 50. Rxe5 a4 51. Ba2 Na6 52. Rb1 Kg7 53. d4 Kf8 54. Kf2 Re8 55. f4 a3 56. d6 Rd8 57. Re6 Kg7 58. d5 1-0

[Event "Faroese Team Championship 2022"]
[Site "Torshavn"]
[Date "2022.03.26"]
[Round "10.3"]
[White "Samuelsen, Carl Eli Nolsoe"]
[Black "Nilssen, John Arni"]
[Result "0-1"]
[ECO "A40"]
[WhiteElo "2158"]
[BlackElo "2323"]
[Annotator "ChessBase"]
[PlyCount "98"]
[EventDate "2022.03.23"]
[EventType "team-tourn"]
[EventCountry "FAI"]
[SourceTitle "playchess.com"]
[Source "ChessBase"]
[SourceQuality "1"]
[TimeControl "40/5400+30:900+30"]

1. Nf3 g6 2. d4 Bg7 3. c4 e6 4. Bg5 Ne7 5. Nc3 h6 6. Bh4 d6 7. e3 f5 8. Be2 Nd7 9. Bxe7 Qxe7 10. Qc2 O-O 11. O-O-O c6 12. h4 e5 13. h5 g5 14. d5 c5 15. Nd2 Nf6 16. Rde1 Bd7 17. Nf1 a6 18. Ng3 e4 19. Kb1 Qe5 20. Nd1 b5 21. Qc3 Qe7 22. Qa5 Rfb8 23. cxb5 axb5 24. Qd2 Qe5 25. Nc3 b4 26. Nd1 Bb5 27. Bxb5 Rxb5 28. Ne2 Nxd5 29. f4 exf3 30. gxf3 Qe6 31. Nc1 Nc3+ 32. Kc2 Nxa2 33. Kd3 Qd5+ 34. Ke2 Qc4+ 35. Nd3 b3 36. Kf2 Qc2 37. Re2 c4 38. Ne1 Qxd2 39. Rxd2 d5 40. Ng2 Nb4 41. f4 Nd3+ 42. Ke2 gxf4 43. Rxd3 cxd3+ 44. Kxd3 fxe3 45. Ndxe3 Bxb2 46. Nf4 Kh7 47. Nfxd5 Be5 48. Kc4 Rb7 49. Nxf5 b2 0-1

[Event "Faroese Team Championship 2022"]
[Site "Torshavn"]
[Date "2022.03.26"]
[Round "10.4"]
[White "Nielsen, Torkil"]
[Black "Apol, Luitjen Akselsson"]
[Result "0-1"]
[ECO "B50"]
[WhiteElo "2135"]
[BlackElo "2154"]
[Annotator "NA"]
[PlyCount "46"]
[EventDate "2022.03.23"]
[EventType "team-tourn"]
[EventCountry "FAI"]
[SourceTitle "playchess.com"]
[Source "ChessBase"]
[SourceQuality "1"]
[TimeControl "40/5400+30:900+30"]

1. e4 c5 2. Nf3 d6 3. b4 Nf6 4. Bb5+ Bd7 5. Qe2 a6 (5... cxb4 $11 6. d4 g6) 6. Bxd7+ Nbxd7 7. O-O (7. bxc5 $142 Nxc5 8. d3) 7... e6 8. a3 Rc8 9. c4 Qb6 10. Nc3 cxb4 11. axb4 Qxb4 12. Ra4 Qb6 13. d4 Qc7 14. e5 dxe5 15. dxe5 Ng4 $17 16. Re1 Nb6 17. Nd5 exd5 18. e6 f6 19. e7 Bxe7 20. Bf4 Qd7 21. cxd5 O-O 22. d6 Nxa4 23. dxe7 Rfe8 0-1

[Event "Faroese Team Championship 2022"]
[Site "Torshavn"]
[Date "2022.03.26"]
[Round "10.5"]
[White "Mortensen, Rogvi"]
[Black "Simonsen, Olavur"]
[Result "0-1"]
[ECO "D07"]
[WhiteElo "2019"]
[BlackElo "2197"]
[Annotator "NA"]
[PlyCount "88"]
[EventDate "2022.03.23"]
[EventType "team-tourn"]
[EventCountry "FAI"]
[SourceTitle "playchess.com"]
[Source "ChessBase"]
[SourceQuality "1"]
[TimeControl "40/5400+30:900+30"]

1. d4 d5 2. c4 Nc6 3. Nf3 Bg4 4. Nc3 e6 5. cxd5 exd5 6. Qb3 Bb4 7. e3 Nge7 8. Be2 O-O 9. Bd2 Rb8 10. a3 Bxc3 11. Bxc3 Re8 12. O-O Ng6 13. h3 Bf5 14. Rfe1 Nce7 15. g4 Bd7 16. Ne5 c6 17. e4 Nf4 18. Bd2 Nxe2+ 19. Rxe2 Be6 20. Qg3 dxe4 21. Rxe4 $11 Bd5 22. Ree1 f6 23. Nd3 b6 24. Bc3 Qd7 25. Rad1 Bf7 26. Rc1 Nd5 27. Bd2 h6 28. b4 Rxe1+ 29. Rxe1 Re8 30. Rxe8+ Qxe8 31. Qf3 Qd7 32. Qe4 Ne7 33. Nf4 g5 34. Ne2 Bg6 35. Qf3 Nd5 36. Ng3 Qe6 37. Nf1 f5 38. Ne3 fxg4 39. hxg4 Be4 40. Qg3 Nf4 41. Kh2 Qa2 42. Nf1 Qb1 43. Bxf4 Qxf1 44. f3 Bxf3 0-1

[Event "Faroese Team Championship 2022"]
[Site "Torshavn"]
[Date "2022.03.26"]
[Round "10.6"]
[White "Petersen, Terji"]
[Black "Jogvan, Hjalti Toftum"]
[Result "0-1"]
[ECO "D31"]
[WhiteElo "2050"]
[BlackElo "2022"]
[Annotator "NA"]
[PlyCount "96"]
[EventDate "2022.03.23"]
[EventType "team-tourn"]
[EventCountry "FAI"]
[SourceTitle "playchess.com"]
[Source "ChessBase"]
[SourceQuality "1"]
[TimeControl "40/5400+30:900+30"]

1. d4 d5 2. c4 e6 3. Nc3 Be7 4. Nf3 c6 5. e4 dxe4 6. Nxe4 Nf6 7. Bd3 b6 8. O-O Bb7 9. Qc2 Nbd7 10. b3 (10. Neg5 $14) 10... O-O 11. Bb2 (11. Nxf6+ $142 Nxf6 12. c5) 11... Nxe4 12. Bxe4 f5 13. Bd3 Bf6 {[%emt 0:00:40] [#]} (13... c5 $11) 14. Rfe1 (14. c5 $1 $16) 14... Re8 {[%emt 0:01:11] [#]} (14... c5 $11) 15. b4 (15. c5 $1 $16) 15... c5 $1 16. dxc5 bxc5 17. Rab1 (17. a3 $15) 17... Bxf3 18. gxf3 cxb4 19. Bxf6 Qxf6 20. Rxb4 Ne5 21. Be2 Qg5+ 22. Kh1 Qh4 23. Qc3 {[%emt 0:11:48] [#]} Qxf2 $1 24. Bd1 Nc6 25. Rb7 Re7 26. Rxe7 Nxe7 27. Qe5 Qb6 28. Bb3 Qc6 29. Qxe6+ Qxe6 30. Rxe6 Kf8 31. Rd6 Rc8 32. Rd7 $11 a5 33. Ba4 Rc5 34. Rd8+ Kf7 35. Ra8 Kf6 36. Bb5 Ng6 37. Rxa5 Ne5 38. Ra4 Nxf3 39. Rb4 f4 40. a4 Rg5 41. Rb1 Rh5 42. Kg2 Nd2 43. Rb2 f3+ 44. Kg3 Rg5+ 45. Kh3 Ne4 46. c5 Kf5 47. Bd7+ Kf4 48. Rb1 Nd2 0-1

[Event "Faroese Team Championship 2022"]
[Site "Torshavn"]
[Date "2022.03.26"]
[Round "10.7"]
[White "Berg, Margar M."]
[Black "Hansen Eliasen, Bogi"]
[Result "1-0"]
[ECO "A10"]
[WhiteElo "2005"]
[BlackElo "1841"]
[Annotator "ChessBase"]
[PlyCount "107"]
[EventDate "2022.03.23"]
[EventType "team-tourn"]
[EventCountry "FAI"]
[SourceTitle "playchess.com"]
[Source "ChessBase"]
[SourceQuality "1"]
[TimeControl "40/5400+30:900+30"]

1. c4 f5 2. g3 e6 3. Nc3 Nf6 4. Bg2 c6 5. e4 fxe4 6. Nxe4 d5 7. Nxf6+ Qxf6 8. Qh5+ g6 9. Qe2 dxc4 10. Qxc4 Nd7 11. Ne2 Nb6 12. Qf4 Qxf4 13. Nxf4 e5 14. Nd3 Bg7 15. O-O O-O 16. Nc5 Nd5 17. a3 b6 18. Ne4 Ba6 19. Re1 Rad8 20. b4 h6 21. Bb2 Rfe8 22. Rac1 Bb5 23. Ba1 Ne7 24. h4 Kh7 25. g4 Nd5 26. Nc3 Nf4 27. Nxb5 cxb5 28. Rc7 Kh8 29. Bc6 Rf8 30. Bxe5 Bxe5 31. Rxe5 Nh3+ 32. Kg2 Nf4+ 33. Kg3 Rd3+ 34. Re3 Rxd2 35. Ree7 Ne2+ 36. Kg2 Nf4+ 37. Kh1 Rd1+ 38. Kh2 Ne6 39. Rxe6 Rxf2+ 40. Bg2 Kg8 41. Re8+ Rf8 42. Rxf8+ Kxf8 43. Rxa7 h5 44. gxh5 gxh5 45. Rh7 Rd3 46. Rxh5 Rxa3 47. Rxb5 Ra6 48. Rg5 Ra4 49. Rb5 Ra3 50. Rxb6 Kg7 51. b5 Rb3 52. Rb8 Rb4 53. Kg3 Rb3+ 54. Bf3 1-0

[Event "Faroese Team Championship 2022"]
[Site "Torshavn"]
[Date "2022.03.26"]
[Round "10.8"]
[White "Hansen, Herborg"]
[Black "Jacobsen, Heidrikur T."]
[Result "0-1"]
[ECO "B06"]
[WhiteElo "1776"]
[BlackElo "1853"]
[Annotator "NA"]
[PlyCount "79"]
[EventDate "2022.03.23"]
[EventType "team-tourn"]
[EventCountry "FAI"]
[SourceTitle "playchess.com"]
[Source "ChessBase"]
[SourceQuality "1"]
[TimeControl "40/5400+30:900+30"]

1. e4 g6 2. d4 Bg7 3. Nf3 d6 4. Bd3 Nc6 5. c3 e5 6. d5 Nce7 7. Bd2 (7. c4 $14) 7... f5 8. c4 Nf6 9. Nc3 O-O 10. Qc2 a5 11. O-O-O (11. O-O $11) 11... f4 (11... c6 $15) 12. Nb5 c6 13. Nc3 cxd5 $11 14. cxd5 Bd7 15. a4 Qb6 16. Be1 Rfc8 17. Kb1 h6 18. Nd2 Qb4 19. Qb3 Rc5 20. f3 Rac8 21. Bf2 Rxc3 22. bxc3 Qxa4 23. Qxa4 Bxa4 24. Rc1 Nd7 25. Kb2 Nc5 26. Be2 b5 27. Ra1 Rc7 28. c4 bxc4 29. Bxc4 Rb7+ 30. Kc3 Bb5 31. Rxa5 Bxc4 32. Nxc4 Nxd5+ 33. exd5 e4+ 34. Kc2 e3 35. Bxe3 fxe3 36. Nxe3 Rb2+ 37. Kc1 Nb3+ 38. Kd1 Nxa5 39. Re1 Nb3 40. Re2 0-1

[Event "Faroese Team Championship 2022"]
[Site "Torshavn"]
[Date "2022.03.26"]
[Round "10.10"]
[White "Brekka, Martin"]
[Black "Johansen, Haldur Suni"]
[Result "1/2-1/2"]
[ECO "B32"]
[WhiteElo "2055"]
[BlackElo "1985"]
[Annotator "ChessBase"]
[PlyCount "113"]
[EventDate "2022.03.23"]
[EventType "team-tourn"]
[EventCountry "FAI"]
[SourceTitle "playchess.com"]
[Source "ChessBase"]
[SourceQuality "1"]
[TimeControl "40/5400+30:900+30"]

1. d4 c5 2. Nf3 cxd4 3. Nxd4 e5 4. Nb3 Nc6 5. e4 Nf6 6. Bc4 h6 7. O-O Be7 8. Nc3 O-O 9. Be3 d6 10. Qe2 a6 11. a4 Na5 12. Nxa5 Qxa5 13. Nd5 Nxd5 14. Bxd5 Qc7 15. f4 exf4 16. Bxf4 Be6 17. c4 Bxd5 18. exd5 Qd7 19. Ra3 Rae8 20. Qh5 Bf6 21. Rh3 Bd4+ 22. Kh1 Qe7 23. Qf5 g6 24. Qd3 Bg7 25. Bxh6 Bxh6 26. Rxh6 Qe2 27. Qxe2 Rxe2 28. b3 Re3 29. Rh3 Rxh3 30. gxh3 Re8 31. Rf6 Rd8 32. Kg2 Kg7 33. Rf3 Re8 34. Kf2 Rh8 35. a5 Rh4 36. Ke3 Kf8 37. Kd3 Ke7 38. Kc3 Re4 39. Kd3 Rh4 40. b4 Ke8 41. Kc3 Re4 42. c5 dxc5 43. bxc5 Ra4 44. Rf6 Rxa5 45. Kd4 Rb5 46. c6 bxc6 47. dxc6 Ke7 48. Rxf7+ Kd8 49. Ra7 a5 50. Rg7 g5 51. Kc4 Rf5 52. Rh7 Kc8 53. Rg7 Kd8 54. Kd4 Kc8 55. Ra7 Kb8 56. Rg7 Kc8 57. h4 1/2-1/2

[Event "Faroese Team Championship 2022"]
[Site "Torshavn"]
[Date "2022.03.26"]
[Round "10.11"]
[White "Skaale, Janus"]
[Black "Olsen, Alfred A."]
[Result "1/2-1/2"]
[ECO "B94"]
[WhiteElo "1883"]
[BlackElo "1798"]
[Annotator "NA"]
[PlyCount "71"]
[EventDate "2022.03.23"]
[EventType "team-tourn"]
[EventCountry "FAI"]
[SourceTitle "playchess.com"]
[Source "ChessBase"]
[SourceQuality "1"]
[TimeControl "40/5400+30:900+30"]

1. e4 c5 2. Nf3 d6 3. d4 cxd4 4. Nxd4 Nf6 5. Nc3 a6 6. Bg5 e5 (6... e6 $11) 7. Nb3 Be7 8. Qd2 Be6 9. O-O-O (9. f4 $142) 9... Nbd7 10. f4 h6 11. Bxf6 Nxf6 12. Kb1 O-O 13. h3 b5 14. Qe3 Qc7 15. f5 Bc4 16. g4 Rfc8 $11 17. Bd3 d5 18. exd5 Nxd5 19. Nxd5 Bxd5 20. Rhe1 f6 21. h4 a5 22. Be4 Bxe4 23. Qxe4 a4 24. Nd2 a3 25. g5 fxg5 26. hxg5 Bxg5 27. Nf3 Bf6 28. Re2 axb2 29. Nxe5 Kh7 30. Rd7 Qa5 31. Rxg7+ Kh8 32. Qd5 Bxg7 33. Nf7+ Kh7 34. Ng5+ Kh8 35. Nf7+ Kh7 36. Ng5+ 1/2-1/2

[Event "Faroese Team Championship 2022"]
[Site "Torshavn"]
[Date "2022.03.26"]
[Round "10.12"]
[White "Durhuus, Kari O."]
[Black "Solsker, Tummas Martin"]
[Result "1/2-1/2"]
[ECO "C32"]
[WhiteElo "1751"]
[BlackElo "1869"]
[Annotator "NA"]
[PlyCount "187"]
[EventDate "2022.03.23"]
[EventType "team-tourn"]
[EventCountry "FAI"]
[SourceTitle "playchess.com"]
[Source "ChessBase"]
[SourceQuality "1"]
[TimeControl "40/5400+30:900+30"]

1. e4 e5 2. f4 d5 3. exd5 e4 4. d3 Nf6 5. dxe4 Nxe4 6. Be3 ({Weaker is} 6. Qd4 Qh4+ 7. g3 Nxg3 8. Qe5+ Be7 $17) (6. Nf3 $1 $14) 6... Qh4+ $11 (6... Bd6 $142) 7. g3 Nxg3 $1 8. Nf3 Qe7 9. hxg3 Qxe3+ 10. Qe2 Bc5 11. Qxe3+ Bxe3 12. Bd3 h6 13. Nc3 O-O 14. Nb5 Na6 15. Ne5 Re8 16. Kf1 Bc5 17. a3 c6 18. dxc6 bxc6 19. Nc3 Bd4 20. Re1 Nc5 21. Bc4 Rb8 22. Bxf7+ Kf8 23. Bxe8 Ba6+ 24. Nd3 Nxd3 25. cxd3 Rxb2 26. Ne2 Bxd3 27. Bh5 Bc3 28. Rd1 Bb5 29. Rh2 Ra2 30. Kg1 Bf6 31. Bg4 Rxa3 32. Kh1 c5 33. Kg2 Ra2 34. Kh3 a5 35. Ng1 Rxh2+ 36. Kxh2 a4 37. Nf3 Bb2 38. Rd8+ Ke7 39. Rb8 a3 40. Rxb5 a2 41. Rb7+ Kf8 42. Ra7 a1=Q 43. Rxa1 Bxa1 44. Be6 Ke7 45. Bc4 Kf6 46. Nd2 Bd4 47. g4 Ke7 48. Kg3 Kf6 49. Ne4+ Ke7 50. Kf3 Kf8 51. Nd6 g6 52. Ke4 Kg7 53. Nb5 Bg1 54. Nc7 Kf6 55. Ne8+ Ke7 56. Nc7 Kf6 57. Nd5+ Kg7 58. Ke5 Bh2 59. Ke4 Bg1 60. Ne3 Kf6 61. Ng2 Bd4 62. Kd5 Bf2 63. Bd3 Bd4 64. Ne1 Be3 65. Ke4 Bd4 66. Nf3 Bf2 67. Ne5 Bd4 68. Kf3 g5 69. Nd7+ Ke7 70. Bf5 gxf4 71. Kxf4 Bg1 72. Nb6 Kf6 73. Nd5+ Kg7 74. Ke5 Bf2 75. Nf4 Bg3 76. Ke4 Bf2 77. Kd5 Be3 78. Nh5+ Kf7 79. Ng3 Kf6 80. Ne4+ Kf7 81. Kd6 Bd4 82. Ng3 Bg1 83. Nh5 Be3 84. Kd5 Bf2 85. Ke5 Bd4+ 86. Ke4 Bf2 87. Nf4 Kf6 88. Nd3 Bg1 89. Nf4 Bd4 90. Ne6 Bg1 91. Kf3 h5 92. Ke4 hxg4 93. Bxg4 Bd4 94. Nxd4 1/2-1/2